 Dungeon Crawl Stone Soup version 0.26-a0-683-g5206c1d (webtiles) character file.

Game seed: 9524220256478394393

121 Mopster the Chopper (level 4, -24/42 HPs)
             Began as a Minotaur Berserker on Oct 22, 2020.
             Was a Believer of Trog.
             Engulfed by a cloud of flame (41 damage)
             ... on level 2 of the Dungeon.
             The game lasted 00:01:46 (603 turns).

Mopster the Chopper (Minotaur Berserker)             Turns: 603, Time: 00:01:47

Health: -24/42     AC:  4    Str: 23    XL:     4   Next: 76%
Magic:  3/3        EV: 12    Int:  4    God:    Trog [**....]
Gold:   54         SH:  0    Dex:  9    Spells: 3/3 levels left

rFire    . . .     SeeInvis .   a - +0 hand axe
rCold    . . .     Faith    .   (no shield)
rNeg     . . .     Spirit   .   b - +0 animal skin
rPois    .         Reflect  .   (helmet restricted)
rElec    .         Harm     .   (no cloak)
rCorr    .         Rampage  .   c - +1 pair of gloves
MR       .....                  (no boots)
Stlth    +.........             (no amulet)
HPRegen  0.14/turn              (no ring)
MPRegen  0.08/turn              (no ring)

@: berserk cooldown, slowed, very slow
A: retaliatory headbutt, horns 2
a: Berserk, Trog's Hand, Renounce Religion


You were on level 2 of the Dungeon.
You worshipped Trog.
Trog was pleased with you.
You visited 1 branch of the dungeon, and saw 2 of its levels.

You collected 54 gold pieces.

Inventory:

Hand Weapons
 a - a +0 hand axe (weapon)
Armour
 b - a +0 animal skin (worn)
 c - a +1 pair of gloves (worn)
Jewellery
 f - an uncursed ring of ice {unknown}
Scrolls
 d - a scroll of noise {unknown}
Potions
 e - a potion of mutation {unknown}


   Skills:
 + Level 5.0 Fighting
 + Level 5.2 Axes
 + Level 2.5 Armour
 + Level 2.9 Dodging


You had 3 spell levels left.
You didn't know any spells.
Your spell library was empty.

Dungeon Overview and Level Annotations

Branches:
Dungeon (2/15)

Altars:
Vehumet


Innate Abilities, Weirdness & Mutations

You reflexively headbutt those who attack you in melee.
You have a pair of horns on your head.


Message History

You feel a strong urge to attack something.
You are no longer berserk.
You are exhausted.
You feel yourself slow down.
Really walk into a travel-excluded area?
A bat comes into view.
The bat closely misses you. x2
You miss the bat. Your headbutt misses the bat. The bat barely misses you.
You furiously retaliate!
You headbutt the bat!
You kill the bat!
Trog accepts your kill.
You can now call upon Trog for regeneration and magic resistance.
f - a small agate ring
There are no items here.
Really walk into that cloud of flame?
Okay, then.
Really walk into that cloud of flame?
You are engulfed in blazing flames.
Ouch! That really hurt!
You die...

.# .# #.#
######.#
#......#
#.#..#.#
#...○..#
#..@§§.#
#..._°.#
#####
##.§.°.#
#...(
#..☼§.#
#.###
####.##
#.# #.#
#.#
#.########
#.#
#........#
#.#
########.#
#.#


There were no monsters in sight!

Vanquished Creatures
  A phantom (D:2)
  A dart slug (D:2)
  5 bats
  A giant cockroach (D:1)
  3 goblins (D:1)
  4 hobgoblins (D:1)
  4 jackals (D:1)
  A quokka (D:2)
  A frilled lizard (D:1)
  3 kobolds (D:1)
  A rat (D:1)
25 creatures vanquished.

Notes
Turn   | Place    | Note
-------+----------+-------------------------------------------
     0 | D:1      | Mopster the Minotaur Berserker began the quest for the Orb.
     0 | D:1      | Reached XP level 1. HP: 19/19 MP: 0/0
   127 | D:1      | Reached XP level 2. HP: 25/27 MP: 1/1
   508 | D:2      | Reached XP level 3. HP: 34/34 MP: 2/2
   560 | D:2      | Noticed a phantom
   590 | D:2      | Found a radiant altar of Vehumet.
   591 | D:2      | Killed a phantom
   591 | D:2      | Reached skill level 5 in Fighting
   591 | D:2      | Reached skill level 5 in Axes
   591 | D:2      | Reached XP level 4. HP: 22/42 MP: 3/3
   597 | D:2      | Reached ** piety under Trog
   603 | D:2      | Engulfed by a cloud of flame

Illustrated notes

Levels and vault maps discovered:
D:1:      mainiacjoe_arrival_reflecting_pool, layout_rooms, hex_intersection
D:2:      layout_loops_ring, fiery_altar_vehumet

Skill      XL: |  1  2  3 |
---------------+----------+-----
Axes           | 4 5 |  5.2
Fighting       | 4 5 |  5.0
Armour         | |  2.5
Dodging        | |  2.9

Action                   |  1- 3 |  4- 6 || total
-------------------------+-------+-------++-------
Melee: Hand axe          |    55 |     1 ||    56
       Headbutt          |     5 |       ||     5
Invok: Berserk           |     1 |       ||     1
Armor: Animal skin       |    14 |       ||    14
Dodge: Dodged            |    37 |     3 ||    40

Table legend: (Time is in decaauts)
 A = Elapsed time spent in this place.
 B = Non-inter-level travel time spent in this place.
 C = Inter-level travel time spent in this place.
 D = Time resting spent in this place.
 E = Time spent auto-exploring this place.
 F = Levels seen in this place.
 G = Mean time per level.
                   A        B        C        D        E       F      G
               +--------+--------+--------+--------+--------+-----+--------+
         Total |    610 |    606 |      4 |      0 |    455 |   2 |  305.0 |
       Dungeon |    610 |    606 |      4 |      0 |    455 |   2 |  305.0 |
               +--------+--------+--------+--------+--------+-----+--------+

Top non-repeatable levels by time:
     D:1: 505 daAuts
     D:2: 105 daAuts
